Map: Simulacrum LE

Players

Ubik - Winner!

  • Race: Terran Terran
  • League: Gold
  • Spawn Location: 5:00

VOD

Have the link to the VOD?

Description

Time

  • Played on: Feb. 7, 2020, 7:24 a.m.
  • Length: 7:20
Show
View Real Time Build Order
Export as new Build Order

Ubik Terran - Winner!

Build Orders:  

Get SALT Encoding   

  12  0:01  SCV  
  13  0:18  SCV  
  14  0:24  Supply Depot  
  14  0:35  SCV  
  15  0:57  Barracks  
  15  1:05  Barracks  
  15  1:16  Supply Depot  
  15  1:36  Barracks  
  15  1:45  Refinery  
  15  2:02  Marine  
  16  2:12  Marine  
  17  2:29  Marine  
  18  2:37  Marine  
  19  2:42  Barracks Tech Lab  
  19  2:53  Barracks  
  19  2:54  Marine  
  20  3:02  Marine  
  20  3:09  Supply Depot  
  21  3:15  Marine  
  21  3:19  Marine  
  23  3:21  Stimpack  
  23  3:27  Marine  
  24  3:40  Marine  
  24  3:44  Marine  
  26  3:52  Marine  
  26  3:59  Marine  
  28  4:05  Marine  
  29  4:10  Marine  
  29  4:17  Marine  
  31  4:23  Marine  
  31  4:28  Supply Depot  
  32  4:32  Marine  
  32  4:37  Marine  
  34  4:44  Marine  
  35  4:51  Marine  
  35  4:57  Marine  
  37  5:02  Marine  
  37  5:08  Marine  
  39  5:16  Marine  
  40  5:22  Marine  
  40  5:27  Marine  
  42  5:33  Marine  
  43  5:41  Marine  
  43  5:47  Marine  
  43  5:49  Orbital Command  
  45  5:52  Marine  
  45  5:58  Marine  
  47  6:40  Marine  
Tags
 
League
Gold
Matchup
Co-op
Add a new tag
Caveats
  • Supply blocks, unpowered buildings, or Contaminate may cause inaccurate times.
  • Supply counts are checked every 10 seconds.